BR (22 & UNDER)
MONROE MALLARDS @ QUINCY DOUGHBOYS
08/30/2029
 
TOP OF THE 1ST
Monroe Mallards batting - Pitching for Quincy Doughboys : RHP Juan Gómez
Pitching: RHP Juan Gómez
Batting: RHB Benito Bo 0-0: Ball
1-0: Called Strike
1-1: Fly out, F8 (Flyball, 8LS)
Batting: RHB Dave Sawyer 0-0: Called Strike
0-1: Called Strike
0-2: Ball
1-2: Ball
2-2: Strikes out swinging
Batting: LHB Allen Boyd 0-0: Ball
1-0: Swinging Strike
1-1: Swinging Strike
1-2: SINGLE (Groundball, 4S) (infield hit)
Batting: RHB Cisco López 0-0: Ball
1-0: Foul Ball, location: 2F
1-1: DOUBLE (Line Drive, 7LD)
Allen Boyd to third
Runner from 3rd tries for Home, SAFE, no throw
Batting: LHB Lino Baena 0-0: SINGLE (Groundball, 34D)
Cisco López to third
Batting: LHB Ramón Ortega 0-0: Foul Ball, location: 2F
0-1: Ball
1-1: Foul Ball, location: 2F
1-2: Foul Ball, location: 2F
1-2: Fly out, F5 (Popup, 56S)
Top of the 1st over - 1 run, 3 hits, 0 errors, 2 left on base; Monroe 1 - Quincy 0
BOTTOM OF THE 1ST
Quincy Doughboys batting - Pitching for Monroe Mallards : RHP Mike Morgan
Pitching: RHP Mike Morgan
Batting: SHB Gonzalo López 0-0: Called Strike
0-1: Foul Ball, location: 2F
0-2: Ball
1-2: Ball
2-2: Ball
3-2: Base on Balls
Batting: RHB Ramiro Villescaz 0-0: Ball
Gonzalo López is caught stealing 2nd base
1-0: Called Strike
1-1: Ball
2-1: Called Strike
2-2: Strikes out swinging
Batting: RHB Pedro Cuevas 0-0: Ball
1-0: Ball
2-0: Ball
3-0: Swinging Strike
3-1: Called Strike
3-2: Foul Ball, location: 2F
3-2: SINGLE (Flyball, 9S)
Batting: SHB David Bennett 0-0: Ball
1-0: Ball
2-0: Ball
3-0: Called Strike
3-1: Foul Ball, location: 2F
3-2: Strikes out swinging
Bottom of the 1st over - 0 runs, 1 hit, 0 errors, 1 left on base; Monroe 1 - Quincy 0
TOP OF THE 2ND
Monroe Mallards batting - Pitching for Quincy Doughboys : RHP Juan Gómez
Batting: RHB Jorge Vázquez 0-0: Ball
1-0: Ground out 5-3 (Groundball, 56)
Batting: RHB Héctor Vega 0-0: Called Strike
0-1: Foul Ball, location: 2F
0-2: Strikes out swinging
Batting: RHB Simon Plante 0-0: TRIPLE (Line Drive, 78XD)
Batting: RHB Benito Bo 0-0: Called Strike
0-1: Ground out 4-3 (Groundball, 4)
Top of the 2nd over - 0 runs, 1 hit, 0 errors, 1 left on base; Monroe 1 - Quincy 0
BOTTOM OF THE 2ND
Quincy Doughboys batting - Pitching for Monroe Mallards : RHP Mike Morgan
Batting: RHB Louis Miller 0-0: Ball
1-0: Foul Ball, location: 2F
1-1: Fly out, F8 (Flyball, 8LM)
Batting: LHB Rob Johnson 0-0: Called Strike
0-1: Ball
1-1: Ball
2-1: Ground out 1-3 (Groundball, 15)
Batting: LHB Buddy Jones 0-0: Foul Ball, location: 2F
0-1: Ball
1-1: Foul Ball, location: 2F
1-2: Ball
2-2: Ball
3-2: Base on Balls
Batting: RHB Lewis Childress 0-0: SINGLE (Groundball, 5D)
Buddy Jones to second
Batting: RHB Miguel Martínez 0-0: Foul Ball, location: 2F
0-1: Ball
1-1: Ball
2-1: Foul Ball, location: 2F
2-2: Strikes out swinging
Bottom of the 2nd over - 0 runs, 1 hit, 0 errors, 2 left on base; Monroe 1 - Quincy 0
TOP OF THE 3RD
Monroe Mallards batting - Pitching for Quincy Doughboys : RHP Juan Gómez
Batting: RHB Dave Sawyer 0-0: Ball
1-0: Bunted foul
1-1: Reached on error, E5 (Groundball, 25)
Batting: LHB Allen Boyd 0-0: Ball
1-0: Ball
2-0: Ball
3-0: Base on Balls
Dave Sawyer to second
Batting: RHB Cisco López 0-0: Called Strike
0-1: Grounds into double play, 4-6-3 (Groundball, 4M)
Dave Sawyer to third
Batting: LHB Lino Baena 0-0: Called Strike
0-1: Ball
1-1: Ball
2-1: Ball
3-1: Base on Balls
Batting: LHB Ramón Ortega 0-0: Called Strike
0-1: SINGLE (Line Drive, 9LM)
Dave Sawyer scores
Lino Baena to second
Batting: RHB Jorge Vázquez 0-0: Called Strike
0-1: Called Strike
0-2: Strikes out looking
Top of the 3rd over - 1 run, 1 hit, 1 error, 2 left on base; Monroe 2 - Quincy 0
BOTTOM OF THE 3RD
Quincy Doughboys batting - Pitching for Monroe Mallards : RHP Mike Morgan
Batting: SHB Gonzalo López 0-0: Ball
1-0: Swinging Strike
1-1: Ball
2-1: SINGLE (Popup, 34D)
Batting: RHB Ramiro Villescaz 0-0: Ball
1-0: Called Strike
1-1: Ball
2-1: Grounds into double play, 4-6-3 (Groundball, 4)
Batting: RHB Pedro Cuevas 0-0: Foul Ball, location: 2F
0-1: Ball
1-1: Called Strike
1-2: Ball
2-2: Strikes out swinging
Bottom of the 3rd over - 0 runs, 1 hit, 0 errors, 0 left on base; Monroe 2 - Quincy 0
TOP OF THE 4TH
Monroe Mallards batting - Pitching for Quincy Doughboys : RHP Juan Gómez
Batting: RHB Héctor Vega 0-0: Ball
1-0: Called Strike
1-1: DOUBLE (Line Drive, 78D)
Batting: RHB Simon Plante 0-0: Ball
1-0: Ball
2-0: Called Strike
2-1: Ball
3-1: SINGLE (Groundball, 34D)
Héctor Vega to third
Runner from 3rd tries for Home, SAFE, throw made home
Batting: RHB Benito Bo 0-0: Ball
1-0: Foul Ball, location: 2F
1-1: Ground out 4-3 (Groundball, 4M)
Simon Plante to second
Batting: RHB Dave Sawyer 0-0: Called Strike
0-1: Ground out 5-3 (Groundball, 56)
Batting: LHB Allen Boyd 0-0: Ball
1-0: Ball
2-0: Ball
3-0: Base on Balls
Batting: RHB Cisco López 0-0: Called Strike
0-1: Ball
1-1: SINGLE (Groundball, 4D)
Simon Plante to third
Allen Boyd to second
Runner from 3rd tries for Home, SAFE, no throw
Batting: LHB Lino Baena 0-0: Foul Ball, location: 2F
0-1: Ball
1-1: Ball
2-1: Ball
3-1: SINGLE (Line Drive, 4MD)
Allen Boyd to third
Cisco López to second
Runner from 3rd tries for Home, SAFE, no throw
Batting: LHB Ramón Ortega 0-0: Ball
1-0: SINGLE (Groundball, 4MD)
Cisco López to third
Lino Baena to second
Runner from 3rd tries for Home, SAFE, no throw
Batting: RHB Jorge Vázquez 0-0: Ball
1-0: Foul Ball, location: 2F
1-1: Swinging Strike
1-2: Ball
2-2: Ground out 5-3 (Groundball, 56S)
Top of the 4th over - 4 runs, 5 hits, 0 errors, 2 left on base; Monroe 6 - Quincy 0
BOTTOM OF THE 4TH
Quincy Doughboys batting - Pitching for Monroe Mallards : RHP Mike Morgan
Batting: SHB David Bennett 0-0: Called Strike
0-1: Foul Ball, location: 2F
0-2: Ball
1-2: Ground out 5-3 (Groundball, 56)
Batting: RHB Louis Miller 0-0: Foul Ball, location: 2F
0-1: Ground out 5-3 (Groundball, 56S)
Batting: LHB Rob Johnson 0-0: Called Strike
0-1: Swinging Strike
0-2: Ball
1-2: Foul Ball, location: 2F
1-2: Fly out, F8 (Flyball, 89D)
Bottom of the 4th over - 0 runs, 0 hits, 0 errors, 0 left on base; Monroe 6 - Quincy 0
TOP OF THE 5TH
Monroe Mallards batting - Pitching for Quincy Doughboys : RHP Craig Nolan
Pitching: RHP Craig Nolan
Batting: RHB Héctor Vega 0-0: Ground out 5-3 (Groundball, 5S)
Batting: RHB Simon Plante 0-0: Foul Ball, location: 2F
0-1: Ball
1-1: SINGLE (Flyball, 9S)
Batting: RHB Benito Bo 0-0: Called Strike
0-1: Fly out, F5 (Line Drive, 5)
Batting: RHB Dave Sawyer 0-0: Foul Ball, location: 2F
0-1: SINGLE (Flyball, 7LS)
Simon Plante to second
Batting: LHB Allen Boyd 0-0: Foul Ball, location: 2F
0-1: Ball
1-1: Foul Ball, location: 2F
1-2: Ball
2-2: Ball
3-2: Base on Balls
Simon Plante to third
Dave Sawyer to second
Batting: RHB Cisco López 0-0: Ball
1-0: Ball
2-0: Called Strike
2-1: Ball
3-1: Called Strike
3-2: Foul Ball, location: 2F
3-2: Strikes out swinging
Top of the 5th over - 0 runs, 2 hits, 0 errors, 3 left on base; Monroe 6 - Quincy 0
BOTTOM OF THE 5TH
Quincy Doughboys batting - Pitching for Monroe Mallards : RHP Mike Morgan
Batting: LHB Buddy Jones 0-0: Ball
1-0: Foul Ball, location: 2F
1-1: Ball
2-1: Swinging Strike
2-2: Foul Ball, location: 2F
2-2: Fly out, F4 (Popup, 4MD)
Batting: RHB Lewis Childress 0-0: Ground out 6-3 (Groundball, 6)
Batting: RHB Miguel Martínez 0-0: Ball
1-0: SOLO HOME RUN (Flyball, 78XD), Distance : 437 ft
Batting: SHB Gonzalo López 0-0: Swinging Strike
0-1: Ball
1-1: Ball
2-1: Ball
3-1: Foul Ball, location: 2F
3-2: Foul Ball, location: 2F
3-2: Foul Ball, location: 2F
3-2: Strikes out looking
Bottom of the 5th over - 1 run, 1 hit, 0 errors, 0 left on base; Monroe 6 - Quincy 1
TOP OF THE 6TH
Monroe Mallards batting - Pitching for Quincy Doughboys : RHP Craig Nolan
Batting: LHB Lino Baena 0-0: Called Strike
0-1: Ground out 4-3 (Groundball, 4)
Batting: LHB Ramón Ortega 0-0: Called Strike
0-1: Called Strike
0-2: Ball
1-2: Strikes out swinging
Batting: RHB Jorge Vázquez 0-0: Ball
1-0: Ground out 2-3 (Groundball, 15S)
Top of the 6th over - 0 runs, 0 hits, 0 errors, 0 left on base; Monroe 6 - Quincy 1
BOTTOM OF THE 6TH
Quincy Doughboys batting - Pitching for Monroe Mallards : RHP Mike Morgan
Batting: RHB Ramiro Villescaz 0-0: Called Strike
0-1: Ball
1-1: Ball
2-1: Foul Ball, location: 2F
2-2: Ball
3-2: Strikes out swinging
Batting: RHB Pedro Cuevas 0-0: Swinging Strike
0-1: Fly out, F5 (Line Drive, 56)
Batting: SHB David Bennett 0-0: Ball
1-0: Called Strike
1-1: Called Strike
1-2: Foul Ball, location: 2F
1-2: Foul Ball, location: 2F
1-2: Foul Ball, location: 2F
1-2: Ball
2-2: Ball
3-2: Strikes out swinging
Bottom of the 6th over - 0 runs, 0 hits, 0 errors, 0 left on base; Monroe 6 - Quincy 1
TOP OF THE 7TH
Monroe Mallards batting - Pitching for Quincy Doughboys : RHP Craig Nolan
Batting: RHB Héctor Vega 0-0: Ball
1-0: Fly out, F9 (Flyball, 9)
Batting: RHB Simon Plante 0-0: Called Strike
0-1: Ball
1-1: Ball
2-1: Called Strike
2-2: Ball
3-2: Strikes out looking
Batting: RHB Benito Bo 0-0: Ball
1-0: Foul Ball, location: 2F
1-1: Foul Ball, location: 2F
1-2: Ball
2-2: Ball
3-2: Foul Ball, location: 2F
3-2: Ground out 4-3 (Groundball, 4)
Top of the 7th over - 0 runs, 0 hits, 0 errors, 0 left on base; Monroe 6 - Quincy 1
BOTTOM OF THE 7TH
Quincy Doughboys batting - Pitching for Monroe Mallards : RHP Mike Morgan
Pitching: RHP Ryan Crow
Batting: RHB Louis Miller 0-0: Called Strike
0-1: Ball
1-1: Ball
2-1: Foul Ball, location: 2F
2-2: Foul Ball, location: 2F
2-2: Fly out, F7 (Flyball, 7)
Batting: LHB Rob Johnson 0-0: Foul Ball, location: 2F
0-1: Ground out 6-3 (Groundball, 6)
Batting: LHB Buddy Jones 0-0: Called Strike
0-1: Ball
1-1: Fly out, F6 (Popup, P)
Bottom of the 7th over - 0 runs, 0 hits, 0 errors, 0 left on base; Monroe 6 - Quincy 1
TOP OF THE 8TH
Monroe Mallards batting - Pitching for Quincy Doughboys : RHP Craig Nolan
Pitching: LHP Jon Todd
Batting: RHB Dave Sawyer 0-0: Called Strike
0-1: Ball
1-1: SINGLE (Groundball, 6MS) (infield hit)
Batting: LHB Allen Boyd 0-0: Ball
1-0: Ball
2-0: Ball
3-0: Base on Balls
Dave Sawyer to second
Batting: RHB Cisco López 0-0: Ball
1-0: Called Strike
1-1: Called Strike
1-2: Foul Ball, location: 2F
1-2: Grounds into double play, 1-6-3 (Groundball, 13)
Dave Sawyer to third
Batting: LHB Lino Baena 0-0: Intentional Walk
Batting: LHB Ramón Ortega 0-0: Ground out 4-3 (Groundball, 34D)
Top of the 8th over - 0 runs, 1 hit, 0 errors, 2 left on base; Monroe 6 - Quincy 1
BOTTOM OF THE 8TH
Quincy Doughboys batting - Pitching for Monroe Mallards : RHP Ryan Crow
Batting: RHB Lewis Childress 0-0: Ball
1-0: Called Strike
1-1: Ball
2-1: Ball
3-1: Foul Ball, location: 2F
3-2: Strikes out swinging
Batting: RHB Miguel Martínez 0-0: Ball
1-0: Called Strike
1-1: Swinging Strike
1-2: Ball
2-2: Foul Ball, location: 2F
2-2: Ball
3-2: Base on Balls
Batting: SHB Gonzalo López 0-0: Fly out, F3 (Line Drive, 34)
Lined into DP, U3 (Line Drive, 34)
Bottom of the 8th over - 0 runs, 0 hits, 0 errors, 0 left on base; Monroe 6 - Quincy 1
TOP OF THE 9TH
Monroe Mallards batting - Pitching for Quincy Doughboys : LHP Jon Todd
Pitching: RHP Orlando Molina
Batting: RHB Jorge Vázquez 0-0: Foul Ball, location: 2F
0-1: Ground out 5-3 (Groundball, 56)
Batting: RHB Héctor Vega 0-0: Ball
1-0: Swinging Strike
1-1: Foul Ball, location: 2F
1-2: Strikes out swinging, 2-3 out at first.
Batting: RHB Simon Plante 0-0: Ball
1-0: Foul Ball, location: 2F
1-1: Called Strike
1-2: Foul Ball, location: 2F
1-2: Ball
2-2: Foul Ball, location: 2F
2-2: Ground out 6-3 (Groundball, 6)
Top of the 9th over - 0 runs, 0 hits, 0 errors, 0 left on base; Monroe 6 - Quincy 1
BOTTOM OF THE 9TH
Quincy Doughboys batting - Pitching for Monroe Mallards : RHP Ryan Crow
Batting: RHB Ramiro Villescaz 0-0: Ball
1-0: Swinging Strike
1-1: Swinging Strike
1-2: Strikes out swinging
Batting: RHB Pedro Cuevas 0-0: Called Strike
0-1: Called Strike
0-2: Fly out, F3 (Line Drive, 34)
Batting: SHB David Bennett 0-0: Called Strike
0-1: Foul Ball, location: 2F
0-2: Strikes out swinging
Bottom of the 9th over - 0 runs, 0 hits, 0 errors, 0 left on base; Monroe 6 - Quincy 1
Saturday, December 16th, 2017 - OOTP Baseball 18.8 Build 76